 Dungeon Crawl Stone Soup version 0.27.1-35-g4d5d836560 (console) character file.

Game seed: 3341572074924805652

507089 grimtooth the Cryomancer (level 25, -32/146 HPs)
             Began as a Gargoyle Ice Elementalist on Aug 2, 2022.
             Was the Champion of Hepliaklqana.
             Killed from afar by an ancient lich (107 damage)
             ... with a crystal spear
             ... on level 5 of the Vaults on Aug 9, 2022.
             The game lasted 12:41:54 (62865 turns).

grimtooth the Cryomancer (GrIE)                    Turns: 62865, Time: 12:41:55

Health: -32/146    AC: 55    Str: 21    XL:     25   Next: 2%
Magic:  16/39      EV: 17    Int: 36    God:    Hepliaklqana [******]
Gold:   1450       SH:  7    Dex: 10    Spells: 10/48 levels left

rFire    + + .     SeeInvis .   a - staff of cold
rCold    + + .     Faith    .   J - +2 buckler {reflect}
rNeg     + . .     Spirit   .   r - +4 scale mail of the Four Continents {Str+4 Int+3}
rPois    ∞         Reflect  +   G - +2 helmet "Ojemeh" {rF+ rCorr}
rElec    +         Harm     .   A - +2 cloak {Will+}
rCorr    +         Rampage  .   W - +2 pair of gloves
Will     ++...                  C - +3 pair of boots "Toiqe" {Int+6}
Stlth    ++++......             h - amulet of regeneration
HPRegen  1.34/turn              M - ring "Zadev" {rF++ EV+4 Str+4}
MPRegen  0.26/turn              I - ring of ice

@: ice-armoured, about to teleport, marked, unable to drink, flying, studying 2
skills
A: no potions, reduced essence, sickness immunity, AC +19, big wings, negative
energy resistance 1, electricity resistance, torment resistance 1, petrification
resistance
}: 3/15 runes: serpentine, barnacled, slimy
a: Renounce Religion, Recall Ancestor, Ancestor Identity, Transference, Idealise


You were on level 5 of the Vaults.
You worshipped Hepliaklqana.
Hepliaklqana was exalted by your worship.
You visited 9 branches of the dungeon, and saw 45 of its levels.
You visited 2 bazaars.
You also visited: Wizlab.

You collected 5785 gold pieces.
You spent 4335 gold pieces at shops.

Inventory:

Hand Weapons
 b - a +6 dagger of flaming
Missiles
 t - 12 throwing nets {=f}
 S - 4 curare-tipped darts
 V - 84 boomerangs (quivered)
Armour
 r - the +4 scale mail of the Four Continents (worn) {Str+4 Int+3}
   (You bought it in a shop on level 1 of the Snake Pit)

   Str:       It affects your strength (+4).
   Int:       It affects your intelligence (+3).
 A - a +2 cloak of willpower (worn)
 C - the +3 pair of boots "Toiqe" (worn) {Int+6}
   (You found it on level 5 of the Pits of Slime)

   Int:       It affects your intelligence (+6).
 G - the +2 helmet "Ojemeh" (worn) {rF+ rCorr}
   (You acquired it on level 13 of the Dungeon)

   rF:        It protects you from fire.
   rCorr:     It protects you from acid and corrosion.
 J - a +2 buckler of reflection (worn)
 W - a +2 pair of gloves (worn)
Magical Staves
 a - a staff of cold (weapon)
Jewellery
 c - a ring of wizardry
 e - a ring of willpower
 h - an amulet of regeneration (around neck)
 F - a +6 ring of intelligence
 I - a ring of ice (right hand)
 M - the ring "Zadev" (left hand) {rF++ EV+4 Str+4}
   (You bought it in a shop in a bazaar)

   [ring of evasion]

   EV:        It affects your evasion (+4).
   Str:       It affects your strength (+4).
   rF:        It greatly protects you from fire.
Wands
 k - a wand of digging (20)
 m - a wand of acid (21)
 p - a wand of iceblast (7)
 u - a wand of paralysis (11)
 v - a wand of mindburst (18)
 D - a wand of flame (24)
 H - a wand of polymorph (38)
 N - a wand of charming (22)
Scrolls
 d - 11 scrolls of fog
 j - 5 scrolls of torment
 o - 4 scrolls of silence
 w - 14 scrolls of teleportation
 x - 7 scrolls of blinking
 y - 2 scrolls of immolation
 B - 3 scrolls of vulnerability
 K - 4 scrolls of fear
 L - a scroll of summoning
 X - 7 scrolls of magic mapping
Potions
 i - 4 potions of cancellation
 n - 8 potions of might
 s - 15 potions of curing
 P - 4 potions of brilliance
 R - 2 potions of haste
 T - 6 potions of ambrosia
Miscellaneous
 g - a lightning rod (4/4)
 q - a phantom mirror
 E - a tin of tremorstones (2/2)


   Skills:
 - Level 18.0 Fighting
 - Level 6.0 Short Blades
 - Level 12.0 Staves
 - Level 6.0 Throwing
 * Level 12.6 Armour
 * Level 9.6 Dodging
 + Level 14.4 Stealth
 - Level 6.0 Shields
 - Level 12.0 Spellcasting
 - Level 10.0 Conjurations
 - Level 6.0 Translocations
 - Level 22.0 Ice Magic
 - Level 12.0 Air Magic
 - Level 10.0 Invocations
 - Level 10.0 Evocations


You had 10 spell levels left.
You knew the following spells:

 Your Spells              Type           Power      Damage    Failure   Level
a - Freeze                Ice            100%       1d11      0%          1
b - Ozocubu's Armour      Ice            100%       N/A       0%          3
c - Frozen Ramparts       Ice            100%       1d12      0%          3
d - Hailstorm             Conj/Ice       100%       3d20      1%          4
f - Freezing Cloud        Conj/Ice/Air   68%        6-21      1%          5
g - Ozocubu's Refrigerat  Ice            79%        4d20      1%          7
k - Blink                 Tloc           N/A        N/A       1%          2
p - Apportation           Tloc           100%       N/A       1%          1
s - Swiftness             Air            82%        N/A       1%          3
x - Polar Vortex          Ice            79%        N/A       43%         9

Your spell library contained the following spells:

 Spells                   Type           Power      Damage    Failure   Level
 Foxfire                  Conj/Fire      100%       2x1d9     1%          1
 Shock                    Conj/Air       100%       1d9       1%          1
 Corpse Rot               Necr/Air       N/A        N/A       1%          2
 Ensorcelled Hibernation  Hex/Ice        100%       N/A       1%          2
 Poisonous Vapours        Pois/Air       100%       N/A       1%          2
 Conjure Flame            Conj/Fire      55%        6-21      1%          3
 Gell's Gravitas          Tloc           29%        N/A       1%          3
 Lesser Beckoning         Tloc           29%        N/A       1%          3
 Mephitic Cloud           Conj/Pois/Air  65%        N/A       1%          3
 Teleport Other           Tloc           59%        N/A       1%          3
 Airstrike                Air            41%        N/A       1%          4
 Iskenderun's Mystic Bla  Conj/Tloc      68%        2d14      1%          4
 Summon Ice Beast         Ice/Summ       100%       N/A       1%          4
 Lightning Bolt           Conj/Air       39%        1d58      1%          5
 Metabolic Englaciation   Hex/Ice        61%        N/A       1%          5
 Portal Projectile        Hex/Tloc       86%        N/A       3%          3
 Passage of Golubria      Tloc           N/A        N/A       3%          4
 Summon Lightning Spire   Summ/Air       59%        N/A       3%          4
 Animate Skeleton         Necr           42%        N/A       4%          1
 Pain                     Necr           84%        1d8       4%          1
 Sandblast                Erth           42%        2d11      4%          1
 Sting                    Tmut/Pois      84%        1d7       4%          1
 Fulminant Prism          Conj/Hex       27%        3d14      4%          4
 Sticky Flame             Conj/Fire      55%        2d7       4%          4
 Passwall                 Tmut/Erth      17%        N/A       6%          2
 Simulacrum               Ice/Necr       61%        N/A       7%          6
 Manifold Assault         Tloc           59%        N/A       10%         5
 Call Canine Familiar     Summ           21%        N/A       12%         3
 Ignite Poison            Fire/Tmut/Pois 21%        N/A       12%         3
 Inner Flame              Hex/Fire       21%        N/A       12%         3
 Spider Form              Tmut/Pois      10%        N/A       12%         3
 Tukima's Dance           Hex            21%        N/A       12%         3
 Vampiric Draining        Necr           10%        2d7       12%         3
 Fireball                 Conj/Fire      27%        3d12      14%         5
 Irradiate                Conj/Tmut      27%        3d22      14%         5
 Bolt of Magma            Conj/Fire/Erth 22%        4d11      28%         5
 Summon Forest            Summ/Tloc      21%        N/A       32%         5
 Dispel Undead            Necr           21%        3d11      36%         4
 Leda's Liquefaction      Hex/Erth       10%        N/A       36%         4
 Olgreb's Toxic Radiance  Pois           21%        N/A       36%         4
 Petrify                  Tmut/Erth      21%        N/A       36%         4
 Lee's Rapid Deconstruct  Erth           10%        3d9*      73%         5
 Summon Mana Viper        Hex/Summ       21%        N/A       73%         5
 Yara's Violent Unravell  Hex/Tmut       10%        3d6       73%         5
 Maxwell's Capacitive Co  Air            41%        ∞         88%         8
 Storm Form               Tmut/Air       29%        N/A       96%         7
 Death Channel            Necr           10%        N/A       99%         6
 Shadow Creatures         Summ           N/A        N/A       99%         6
 Monstrous Menagerie      Summ           10%        N/A       100%        7
 Lehudib's Crystal Spear  Conj/Erth      27%        10d7      100%        8
 Sublimation of Blood     Necr           Unusable   N/A       N/A         2
 Statue Form              Tmut/Erth      Unusable   N/A       N/A         6

Dungeon Overview and Level Annotations

Branches:
Dungeon (15/15)            Temple (1/1) D:4            Lair (6/6) D:9
 Shoals (4/4) Lair:3        Snake (4/4) Lair:3        Slime (5/5) Lair:5
    Orc (2/2) D:12            Elf (3/3) Orc:2        Vaults (5/5) D:13
  Crypt (0/3) Vaults:3     Depths (0/5) D:15         WizLab (visited)

Altars:
Ashenzari
Cheibriados
Dithmenos
Elyvilon
Fedhas
Gozag
Hepliaklqana
Kikubaaqudgha
Makhleb
Nemelex Xobeh
Okawaru
Qazlal
Ru
Sif Muna
Trog
Uskayaw
Vehumet
Wu Jian
Xom
Yredelemnul
Zin
The Shining One
Jiyva

Shops:
D:6 =   D:11 :   Orc:2 [:?[   Elf:3 :[   Shoals:2 [   Shoals:4 =
Snake:1 (*[*(*   Snake:4 :===   Vaults:2 =   Vaults:3 [(*?

Annotations:
D:12 Jorgrun
Shoals:4 exclusion: kraken
Elf:2 3 runed translucent doors
Vaults:5 Mara


Innate Abilities, Weirdness & Mutations

You cannot drink.
Your life essence is reduced to manifest your ancestor. (-10% HP)
You are immune to sickness and miasma.
Your stone body is resilient. (AC +19)
You are immune to poison.
Your large and strong wings let you fly.
You resist negative energy. (rN+)
You are resistant to electric shocks. (rElec)
You are resistant to unholy torment.
You are immune to petrification.


Message History

The shadow dragon is lightly wounded.
The phantasmal warrior resists.
The phantasmal warrior is heavily damaged.
The yaktaur captain is moderately wounded.
You kill the orc warrior!
You kill the deep troll! x2
The troll leather armour is intact enough to wear.
The deep troll is almost dead.
You hear some strange, mumbled words.
Something tries to affect you, but you resist.
The deep troll bites something.
The deep troll claws something!
The deep troll barely misses something.
An ettin comes into view.
It is wielding a +1 dire flail of protection and a +0 dire flail.
Something touches you but does no damage.
Mara, Lord of Illusions comes into view.
He is wielding a +1 antimagic demon whip.
A deep troll comes into view.
Your life force feels restored.
A golden dragon comes into view.
As you read the scroll of teleportation, it crumbles to dust.
You feel strangely unstable.
The freezing wraith completely misses something.
The freezing wraith closely misses something.
Something touches you but does no damage.
The yaktaur captain wields a +0 arbalest.
The yaktaur captain shoots a bolt.
The bolt hits you but does no damage.
A frost giant comes into view.
It is wielding a +1 battleaxe of freezing.
Unknown command.
Aiming: Corrosive Bolt
Press: ? - help, Shift-Dir - straight line, f - golden dragon, p - tentacled monstrosity
Aim: a golden dragon (85% to hit)
The bolt of acid misses the tentacled monstrosity.
The bolt of acid hits the golden dragon.
The golden dragon is splashed with acid.
The acid corrodes the golden dragon!
The golden dragon is lightly wounded.
The tentacled monstrosity is no longer covered in acid.
You hear some strange, mumbled words.
A crystal spear appears from out of thin air!
The crystal spear hits you!!!!
Ouch! That really hurt!
You die...

**,,**,,*#..#.(..#)...,,,,,,,,,,,
**,,**,,*#..)...[....,,*,,,,,,*,,
###########...[[)[)#######*******
..............<<)T........,,,,,,,
.............<[[<[T.).....,,,,,,,
..............<<))[.......,,,,,,,
...............[p).[..^...,,,,,,,
###########..[..)DC#######*******
*,*,*,*,*.C.X).)WXD...#,,,,,,,,,*
*,*,*,*,*.#.#..{{#....#,,,,,,,,,*
,,*,,,*,#.#.#..)@#.....e.,,*,,,,,
*,*,*,*,.,#(#....#........,*,,,,,
*,,,*,*,*,*,#..W)###p.#..#****,,*
*,*,*,,,*,*,#..)c#,,p.....,*,,,,,
*,*,*,*,*,*,#....#,,......,*,,,,,
*,*,,,*,*,*,#..))#,,,.#..,,,,,,,*
,,*,*,*,*,*,#.C..#,,,,*,,,,,,,,,*
*,*,*,*,*,*,#....#,,*****,,*,,***
*,*,*,*,*,*,*,,,,*,,,,*,,,,,,,,,*
*,,,*,*,,,*,*,,,,*,,,,*,,,,,,,,,*
*,*,*,*,*,*,*,,,,*,,,,,,,,,*,,,,,


You could see 2 tentacled monstrosities, an ironbound preserver (confused), a
titan, a golden dragon (corroded), a frost giant, a yaktaur captain, an ettin, 2
deep trolls, a phantasmal warrior (confused) and a freezing wraith (confused).

Vanquished Creatures
  the Royal Jelly (Slime:5)
  Boris (Vaults:4)
  Saint Roka (Vaults:1)
  A golden dragon (Vaults:4)
  A tentacled monstrosity (Vaults:5)
  3 titans (Vaults:5)
  2 deep elf blademasters (Elf:3)
  2 tentacled starspawn (WizLab)
  18 acid blobs
  Frances (Shoals:2)
  3 sphinxes (Vaults:3)
  Polyphemus (Shoals:2)
  4 storm dragons
  2 tengu reavers
  Kirke (Shoals:2)
  A shadow dragon (Vaults:5)
  4 azure jellies
  17 rockslimes
  A revenant (Vaults:3)
  7 nagarajas
  4 fire giants (Vaults:5)
  A frost giant (Vaults:5)
  An orc warlord (Orc:1)
  5 deep elf sorcerers (Elf:3)
  9 vault wardens
  20 ironbound preservers
  An angel (WizLab)
  2 deep elf elementalists (Elf:3)
  A ghoul (Vaults:3)
  9 very ugly things
  3 war gargoyles
  A stone giant (Vaults:5)
  7 quicksilver oozes
  6 deep elf demonologists
  6 deep elf annihilators
  5 dire elephants
  4 deep elf death magi (Elf:3)
  4 ettins
  3 merfolk javelineers
  Josephine (Orc:2)
  14 yaktaur captains
  8 merfolk impalers
  29 vault guards
  Fannar (Lair:2)
  2 deep elf high priests
  2 salamander tyrants (Snake:4)
  10 hydras
  Harold (D:7)
  19 naga warriors
  7 great orbs of eyes
  A rakshasa (WizLab)
  7 ironbound thunderhulks
  A peacekeeper (Vaults:3)
  4 ogre magi
  5 boulder beetles
  3 merfolk avatars (Shoals:4)
  4 merfolk aquamancers
  4 centaur warriors
  3 catoblepae
  6 ironbound frosthearts
  5 anacondas
  A death yak (shapeshifter) (Vaults:5)
  16 two-headed ogres
  6 death yaks
  5 dancing weapons
  2 tengu warriors
  A vampire mage (Vaults:3)
  A deep troll earth mage (Vaults:2)
  8 ironbound beastmasters
  Urug (Lair:2)
  3 shock serpents
  6 naga sharpshooters
  9 hell knights
  A soul eater (WizLab)
  13 deep elf knights
  A thrashing horror (WizLab)
  4 sea snakes
  2 salamander mystics (Snake:4)
  2 skeletal warriors (D:15)
  A sea snake (shapeshifter) (Vaults:1)
  A glowing orange brain (WizLab)
  A swamp dragon (shapeshifter) (Vaults:5)
  4 naga ritualists
  49 deep trolls
  8 deep elf archers
  A sphinx zombie (Vaults:1)
  A phantasmal warrior (Vaults:4)
  14 lindwurms
  14 wizards
  6 necromancers
  16 ironbound convokers
  22 deep elf pyromancers
  8 mana vipers
  An orc knight (Orc:2)
  18 harpies
  4 cyclopes
  22 deep elf zephyrmancers
  7 salamanders
  3 orc sorcerers
  16 ugly things
  A tengu skeleton (Vaults:1)
  4 shining eyes
  2 fauns (Shoals:1)
  10 manticores
  3 human skeletons
  A worldbinder (WizLab)
  A stone giant skeleton (Vaults:1)
  A sphinx skeleton (Vaults:2)
  9 merfolk sirens
  20 elephants
  5 guardian serpents
  20 black mambas
  A black mamba (shapeshifter) (Vaults:5)
  17 vault sentinels
  8 water nymphs
  A hexer (Vaults:5)
  8 naga magi
  2 centaur zombies (D:11)
  A torpor snail (Lair:5)
  5 cane toads
  An orange demon (WizLab)
  A smoke demon (WizLab)
  A yaktaur zombie (Vaults:1)
  A torpor snail (shapeshifter) (Vaults:5)
  A cane toad (shapeshifter) (Elf:2)
  Maggie (D:6)
  2 freezing wraiths
  8 komodo dragons
  An unseen horror (WizLab)
  31 yaktaurs
  A rime drake (Shoals:1)
  A tengu conjurer (D:13)
  A troll (Vaults:1)
  7 wind drakes
  A polar bear (shapeshifter) (Vaults:5)
  3 meliai (D:13)
  121 slime creatures
  23 blink frogs
  24 merfolk
  2 polar bears
  A hornet (D:9)
  7 dream sheep
  A frost giant simulacrum (Vaults:2)
  5 snapping turtles
  A ynoxinul (WizLab)
  37 yaks
  4 wraiths
  Eustachio (D:6)
  3 wyverns
  2 air elementals (Elf:2)
  A fire elemental (WizLab)
  A hog (shapeshifter) (D:15)
  12 water elementals
  5 basilisks
  7 hogs (Shoals:2)
  6 humans (D:13)
  17 golden eyes
  5 steam dragons
  7 vampire mosquitoes
  3 wargs
  A spatial vortex (WizLab)
  Duvessa (D:6)
  38 nagas
  8 water moccasins
  A small abomination (WizLab)
  2 sky beasts (D:6)
  2 ice beasts
  A hornet zombie (D:6)
  20 orc warriors
  8 centaurs
  22 ogres
  23 wolves
  3 human zombies
  7 boggarts (D:14)
  2 kobold brigands
  11 bullfrogs
  2 scorpions (D:4)
  An earth elemental (Elf:3)
  Dowan (D:6)
  A water moccasin zombie (D:6)
  A wyvern skeleton (D:7)
  A water moccasin skeleton (D:4)
  6 wights
  4 howler monkeys
  7 electric eels
  A crimson imp (WizLab)
  2 bullfrog zombies (D:5)
  2 human simulacra
  A hound (shapeshifter) (Vaults:5)
  3 hounds
  A jelly (D:6)
  13 orc priests
  3 centaur skeletons
  3 iguanas
  19 orc wizards
  A killer bee zombie (D:6)
  3 hound skeletons (D:4)
  A howler monkey zombie (D:9)
  13 adders
  3 gnolls (D:3)
  A shadow imp (D:7)
  3 white imps
  An adder skeleton (D:4)
  A worm (D:5)
  A dart slug (D:2)
  73 orcs
  8 endoplasms
  3 giant cockroaches
  5 goblins
  8 hobgoblins
  20 kobolds
  5 quokkas
  8 ball pythons
  6 bats
  2 frilled lizards
  A quokka skeleton (D:4)
  2 rats (D:1)
  2 butterflies (Lair:5)
  A starspawn tentacle (WizLab)
1472 creatures vanquished.

Vanquished Creatures (collateral kills)
  A titan (Vaults:5)
  4 acid blobs
  A tengu reaver (Vaults:5)
  3 nagarajas
  Ilsuiw (Shoals:2)
  3 vault wardens
  A deep elf sorcerer (Vaults:2)
  5 ironbound preservers
  2 quicksilver oozes
  A reaper (WizLab)
  A stone giant (Vaults:2)
  A very ugly thing (Vaults:3)
  A deep elf annihilator (Elf:3)
  3 merfolk impalers
  A deep elf high priest (Vaults:4)
  2 peacekeepers
  A yaktaur captain (Vaults:4)
  A vault guard (Vaults:2)
  3 naga warriors
  A salamander tyrant (Snake:3)
  2 ice dragons (D:15)
  A boulder beetle (Lair:5)
  5 merfolk avatars
  A hydra (Lair:4)
  2 merfolk aquamancers
  An ogre mage (Orc:2)
  4 ironbound frosthearts
  2 anacondas
  A catoblepas (Lair:6)
  Erica (Lair:2)
  4 death yaks
  2 alligator snapping turtles
  3 centaur warriors
  4 two-headed ogres
  8 dancing weapons
  A satyr (Shoals:3)
  A tengu warrior (D:14)
  A thrashing horror (WizLab)
  An ironbound beastmaster (Vaults:1)
  A soul eater (Vaults:3)
  3 deep elf knights (Elf:1)
  A skeletal warrior (D:15)
  4 deep trolls
  2 sea snakes
  A naga ritualist (Snake:1)
  A deep elf archer (Elf:2)
  A harpy (Shoals:2)
  3 wizards
  7 deep elf zephyrmancers
  3 ironbound convokers
  5 deep elf pyromancers
  A shining eye (Slime:5)
  10 ugly things
  A salamander (Snake:4)
  3 mana vipers
  2 fauns (Shoals:1)
  2 manticores
  A worldbinder (WizLab)
  2 cyclopes (Shoals:1)
  6 elephants
  A stone giant skeleton (Vaults:3)
  6 black mambas
  A vault sentinel (Vaults:2)
  5 naga magi
  2 guardian serpents
  A yaktaur zombie (Vaults:1)
  2 eyes of devastation
  4 cane toads
  An elf skeleton (Vaults:2)
  3 rime drakes
  7 komodo dragons
  A hellwing (WizLab)
  A yaktaur (Vaults:2)
  A troll (D:10)
  10 merfolk
  4 wind drakes
  A polar bear (Lair:4)
  21 slime creatures
  2 dream sheep (Shoals:1)
  A snapping turtle (Shoals:1)
  6 blink frogs
  An ettin skeleton (Vaults:2)
  An air elemental (Elf:1)
  10 yaks
  4 wraiths
  3 wyverns
  A vampire (D:11)
  3 humans (D:13)
  A basilisk (Lair:6)
  8 water elementals
  A spatial vortex (WizLab)
  16 nagas
  4 water moccasins
  3 orc warriors
  A black bear (shapeshifter) (Vaults:5)
  A hornet zombie (D:9)
  A black bear (Lair:1)
  11 ogres (Orc:2)
  An elf simulacrum (Vaults:2)
  6 wolves
  4 centaurs
  A kobold brigand (D:9)
  3 bullfrogs
  A glowing shapeshifter simulacrum (Vaults:1)
  2 earth elementals
  A human simulacrum (Vaults:1)
  A centaur zombie (D:9)
  4 orc priests
  9 orc wizards
  A howler monkey zombie (D:10)
  A white imp (D:7)
  5 orcs
  A kobold (D:12)
334 creatures vanquished.

Vanquished Creatures (others)
  A deep elf elementalist (Elf:3)
  A harpy (Vaults:2)
  A deep elf pyromancer (Elf:2)
  A deep elf zephyrmancer (Elf:1)
  A naga mage (Snake:4)
  A merfolk (Shoals:3)
  2 humans (D:13)
  2 nagas (Snake:4)
  An ancestor (D:9)
  53 hexers
  31 fungi
  112 plants
  A starspawn tentacle (WizLab)
  23 tentacles (Shoals:4)
231 creatures vanquished.

Grand Total: 2037 creatures vanquished

Notes
Turn   | Place    | Note
-------+----------+-------------------------------------------
     0 | D:1      | grimtooth the Gargoyle Ice Elementalist began the quest for
                  | the Orb.
     0 | D:1      | Reached XP level 1. HP: 10/10 MP: 3/3
   169 | D:1      | Reached XP level 2. HP: 15/15 MP: 3/5
   732 | D:1      | Reached XP level 3. HP: 12/19 MP: 4/6
   923 | D:1      | Learned a level 3 spell: Ozocubu's Armour
  1228 | D:2      | Found a faded altar of an unknown god.
  1311 | D:2      | Reached skill level 5 in Ice Magic
  1510 | D:2      | Reached XP level 4. HP: 24/24 MP: 2/8
  2049 | D:3      | Noticed a bullfrog
  2064 | D:3      | Killed a bullfrog
  2065 | D:3      | Reached XP level 5. HP: 26/28 MP: 1/9
  2165 | D:3      | Reached skill level 6 in Ice Magic
  2733 | D:4      | Reached skill level 1 in Fighting
  2733 | D:4      | Reached XP level 6. HP: 26/34 MP: 10/10
  3030 | D:4      | Reached skill level 7 in Ice Magic
  3223 | D:4      | Reached XP level 7. HP: 40/40 MP: 9/11
  3549 | D:4      | Reached skill level 8 in Ice Magic
  3770 | D:4      | Found a staircase to the Ecumenical Temple.
  3890 | D:4      | Found a glowing silver altar of Zin.
  3987 | D:5      | Entered Level 5 of the Dungeon
  4341 | D:5      | Learned a level 3 spell: Frozen Ramparts
  4688 | D:5      | Reached XP level 8. HP: 46/46 MP: 2/13
  5117 | D:6      | Noticed Eustachio
  5198 | D:6      | Reached skill level 9 in Ice Magic
  5201 | D:6      | Reached skill level 1 in Armour
  5453 | D:6      | Noticed Maggie
  5454 | D:6      | Noticed Duvessa
  5494 | D:6      | Killed Maggie
  5495 | D:6      | Reached skill level 5 in Fighting
  5495 | D:6      | Noticed Dowan
  5503 | D:6      | Killed Duvessa
  5504 | D:6      | Reached XP level 9. HP: 45/54 MP: 4/15
  5618 | D:6      | Learned a level 4 spell: Hailstorm
  5689 | D:6      | Killed Eustachio
  5690 | D:6      | Reached skill level 5 in Armour
  5846 | D:6      | Found Quuh Yxa's Jewellery Shoppe.
  6000 | D:6      | Killed Dowan
  6373 | D:7      | Noticed Harold
  6622 | D:7      | Reached skill level 1 in Conjurations
  6671 | D:7      | Reached skill level 5 in Stealth
  7021 | D:4      | - totally missed it
  7022 | Temple   | Entered the Ecumenical Temple
  7117 | Temple   | Became a worshipper of Hepliaklqana the Forgotten
  7818 | D:8      | Noticed a two-headed ogre
  7983 | D:8      | Reached XP level 10. HP: 60/60 MP: 9/16
  7990 | D:8      | Killed a two-headed ogre
  8313 | D:8      | Reached * piety under Hepliaklqana
  8314 | D:8      | - forgot about that 10%hp thing
  8331 | D:8      | Found a stormy altar of Qazlal.
  8335 | D:8      | Identified the +3 dagger "Medegh" {antimagic, rN+ Will+
                  | Int-2}
  8337 | D:8      | Found a blossoming altar of Fedhas.
  8843 | D:8      | Found a broken altar of Ashenzari.
  8844 | D:8      | Found a bloodstained altar of Trog.
  8845 | D:8      | Found an iron altar of Okawaru.
  8845 | D:8      | Found a radiant altar of Vehumet.
  9099 | D:9      | Reached skill level 10 in Ice Magic
  9398 | D:9      | Found a staircase to the Lair.
  9413 | D:9      | Reached ** piety under Hepliaklqana
  9414 | D:9      | Remembered your ancestor Arammadara as a hexer
  9435 | D:9      | - haven't done hexer much
  9756 | D:10     | Entered Level 10 of the Dungeon
  9826 | D:10     | Reached skill level 11 in Ice Magic
 10082 | D:10     | Noticed a two-headed ogre
 10108 | D:10     | Killed a two-headed ogre
 10109 | D:10     | Reached XP level 11. HP: 57/57 MP: 10/17
 10312 | D:10     | Reached skill level 12 in Ice Magic
 10808 | D:11     | Noticed a brown ugly thing
 10808 | D:11     | Reached *** piety under Hepliaklqana
 10941 | D:11     | Reached skill level 5 in Spellcasting
 11074 | D:11     | Killed a brown ugly thing
 11394 | D:11     | Found Koihiu's Book Shoppe.
 11723 | D:12     | Noticed a deep elf pyromancer
 11829 | D:12     | Killed a deep elf pyromancer
 11835 | D:12     | Found a flickering gateway to a bazaar.
 11854 | D:12     | - this is annoyingly early
 11855 | Bazaar   | Entered a bazaar
 11857 | Bazaar   | Found Iwkag's Antique Armour Boutique.
 11861 | Bazaar   | Found Darph's Jewellery Boutique.
 11861 | Bazaar   | Found Feyvoeg's General Store.
 11861 | Bazaar   | Found Ofofrup's Book Boutique.
 11893 | Bazaar   | - cant afford the nice one of course
 11906 | Bazaar   | Bought a book of Ice for 552 gold pieces
 11914 | Bazaar   | Bought a potion of magic for 80 gold pieces
 11914 | Bazaar   | Bought a scroll of teleportation for 30 gold pieces
 11914 | Bazaar   | - always check inventory
 12020 | D:12     | Reached **** piety under Hepliaklqana
 12064 | D:12     | Noticed a two-headed ogre
 12088 | D:12     | Killed a two-headed ogre
 12217 | D:12     | Noticed Jorgrun
 12532 | D:7      | Killed Harold
 13035 | Lair:1   | Entered Level 1 of the Lair of Beasts
 13095 | Lair:1   | Noticed a six-headed hydra
 13106 | Lair:1   | Killed a six-headed hydra
 13170 | Lair:1   | Reached XP level 12. HP: 64/68 MP: 14/21
 13265 | Lair:1   | Reached skill level 5 in Dodging
 13406 | Lair:1   | Noticed a seven-headed hydra
 13757 | Lair:2   | Noticed Fannar
 13822 | Lair:2   | Noticed Erica
 13843 | Lair:2   | Reached skill level 1 in Invocations
 14075 | Lair:2   | Killed Erica
 14313 | Lair:2   | Noticed Urug
 14336 | Lair:2   | Killed Urug
 14337 | Lair:2   | Reached skill level 10 in Fighting
 14349 | Lair:2   | Killed Fannar
 14900 | Lair:3   | Reached ***** piety under Hepliaklqana
 15055 | Lair:3   | Found a staircase to the Snake Pit.
 15067 | Lair:3   | Reached XP level 13. HP: 75/75 MP: 16/22
 15077 | Lair:3   | Reached skill level 5 in Invocations
 15278 | Lair:3   | Found a staircase to the Shoals.
 17090 | Lair:5   | Reached skill level 10 in Armour
 17091 | Lair:5   | Found a runed translucent door.
 17111 | Lair:5   | Noticed an acid blob
 17136 | Lair:5   | Found a viscous altar of Jiyva.
 17137 | Lair:5   | Noticed an acid blob
 17138 | Lair:5   | Noticed an acid blob
 17139 | Lair:5   | Found a staircase to the Slime Pits.
 17185 | Lair:5   | Gained mutation: Your large and strong wings let you fly.
                  | [Gargoyle growth]
 17185 | Lair:5   | Reached XP level 14. HP: 82/82 MP: 5/23
 17855 | Lair:6   | Entered Level 6 of the Lair of Beasts
 19585 | Lair:6   | Reached skill level 13 in Ice Magic
 20140 | Lair:1   | Reached XP level 15. HP: 86/86 MP: 13/25
 20473 | D:12     | Found a staircase to the Orcish Mines.
 20631 | D:12     | Found an opulent altar of Gozag.
 21259 | Orc:1    | Entered Level 1 of the Orcish Mines
 21329 | Orc:1    | Noticed an orc warlord
 21343 | Orc:1    | Killed an orc warlord
 21638 | Orc:2    | Entered Level 2 of the Orcish Mines
 21781 | Orc:2    | Found a staircase to the Elven Halls.
 22194 | Orc:2    | Reached ****** piety under Hepliaklqana
 22236 | Orc:2    | Reached skill level 14 in Ice Magic
 22275 | Orc:2    | Noticed Josephine
 22292 | Orc:2    | Killed Josephine
 22743 | Orc:2    | - jeez aramma leave me some
 22762 | Orc:2    | Reached skill level 15 in Ice Magic
 22881 | Orc:2    | Found Umpehew's Antique Armour Shoppe.
 22881 | Orc:2    | Found Hetwypp's Book Shop.
 22881 | Orc:2    | Found Ychitre's Magic Scroll Shop.
 22881 | Orc:2    | Found Kaeleixt's Armour Emporium.
 23331 | Orc:2    | Bought a +1 helmet of see invisible for 231 gold pieces
 23344 | Orc:2    | Bought 3 scrolls of identify for 78 gold pieces
 23344 | Orc:2    | Bought a scroll of fog for 26 gold pieces
 23344 | Orc:2    | Bought a scroll of blinking for 97 gold pieces
 23344 | Orc:2    | Bought a scroll of enchant armour for 97 gold pieces
 23348 | Orc:2    | Bought a pair of embroidered boots for 187 gold pieces
 23348 | Orc:2    | Bought a shiny buckler for 187 gold pieces
 23348 | Orc:2    | Bought a pair of glowing boots for 187 gold pieces
 23348 | Orc:2    | Bought a pair of embroidered boots for 187 gold pieces
 23404 | Orc:1    | Learned a level 5 spell: Freezing Cloud
 24027 | D:13     | Reached skill level 1 in Air Magic
 24075 | D:13     | Reached skill level 1 in Shields
 24347 | D:13     | Reached XP level 16. HP: 85/90 MP: 22/27
 24411 | D:13     | Identified the +10 great sword of the Lesser Evil {elec,
                  | Int+3}
 24570 | D:13     | Found a gate to the Vaults.
 25109 | Snake:1  | Entered Level 1 of the Snake Pit
 25296 | Snake:1  | Found Ness's Antique Weapon Shop.
 25319 | Snake:1  | Reached skill level 5 in Shields
 25494 | Snake:1  | Found Xueblaci's Assorted Antiques.
 25870 | Snake:1  | Found Tuofre Piru's General Store.
 25946 | Snake:1  | Bought a scroll of identify for 34 gold pieces
 25971 | Snake:1  | You are sucked into a shaft and drop 1 floor!
 25974 | Snake:2  | Noticed a nagaraja
 26000 | Snake:1  | Found Kehun's Antique Armour Shop.
 26002 | Snake:1  | Found Vurr's Assorted Antiques.
 26004 | Snake:1  | Found Angoiwew's Weapon Shop.
 26012 | Snake:1  | Bought a scroll of identify for 46 gold pieces
 26012 | Snake:1  | Bought a scroll labelled TUAG DI DEI for 23 gold pieces
 26419 | Snake:1  | Reached skill level 5 in Air Magic
 26473 | Snake:1  | Identified a scroll of acquirement
 26474 | Snake:1  | Acquired 806 gold pieces
 26525 | Snake:2  | Noticed a nagaraja
 26532 | Snake:2  | Killed a nagaraja
 26619 | Snake:2  | Killed a nagaraja
 28311 | Snake:4  | Entered Level 4 of the Snake Pit
 28337 | Snake:4  | - wait a minute
 28344 | Snake:3  | - freezin myself
 28672 | Snake:4  | Noticed a nagaraja
 28695 | Snake:4  | Reached XP level 17. HP: 98/98 MP: 17/29
 29273 | Snake:4  | Found Plog's Book Shop.
 29273 | Snake:4  | Found Ysetem's Jewellery Emporium.
 29274 | Snake:4  | Found Gipor's Jewellery Emporium.
 29491 | Snake:4  | Found Fosopoe's Jewellery Boutique.
 29638 | Snake:4  | Reached skill level 15 in Fighting
 30411 | Snake:4  | Reached skill level 16 in Ice Magic
 30798 | Snake:4  | Identified the +11 broad axe "Ziofoyge" {elec, Will+ rCorr
                  | Str+4 Dex+3}
 31131 | Snake:4  | Got a serpentine rune of Zot
 31356 | Shoals:1 | Entered Level 1 of the Shoals
 32198 | Shoals:1 | Reached skill level 17 in Ice Magic
 32297 | Shoals:1 | Reached XP level 18. HP: 107/107 MP: 13/31
 33210 | Shoals:2 | Noticed Polyphemus
 33235 | Shoals:2 | Killed Polyphemus
 33513 | Shoals:2 | Reached skill level 18 in Ice Magic
 33566 | Shoals:2 | Noticed Ilsuiw
 33571 | Shoals:2 | Reached skill level 1 in Evocations
 33579 | Shoals:2 | Killed Ilsuiw
 33743 | Shoals:2 | Identified the +0 chain mail of Xyth {+Inv rN++ Int-2}
 33994 | Shoals:2 | Found Fodaecaynn's Antique Armour Shop.
 34013 | Shoals:2 | Noticed Kirke
 34020 | Shoals:2 | Killed Kirke
 34133 | Shoals:2 | Noticed Frances
 34148 | Shoals:2 | Killed Frances
 36037 | Shoals:3 | Reached skill level 5 in Evocations
 36093 | Shoals:4 | Entered Level 4 of the Shoals
 36433 | Shoals:4 | Found Gousota's Jewellery Boutique.
 37151 | Shoals:4 | Reached XP level 19. HP: 99/114 MP: 10/32
 37284 | Shoals:4 | Got a barnacled rune of Zot
 38029 | D:13     | Learned a level 2 spell: Blink
 38039 | D:13     | Learned a level 9 spell: Polar Vortex
 38244 | D:14     | Identified the +8 falchion of the Tomato {drain, Str+2}
 38941 | D:15     | Entered Level 15 of the Dungeon
 39407 | D:15     | Found a snail-covered altar of Cheibriados.
 39591 | D:15     | Found a staircase to the Depths.
 39885 | Elf:1    | Entered Level 1 of the Elven Halls
 39981 | Elf:1    | Found a flickering gateway to a bazaar.
 39990 | Bazaar   | Entered a bazaar
 39996 | Bazaar   | Found Zefoa's Book Emporium.
 39996 | Bazaar   | Found Sawkiloi's Jewellery Shoppe.
 40006 | Bazaar   | Bought a ring of willpower for 300 gold pieces
 40006 | Bazaar   | Bought a ring of magical power for 240 gold pieces
 40006 | Bazaar   | Bought the ring "Zadev" {rF++ EV+4 Str+4} for 826 gold
                  | pieces
 40064 | Elf:1    | Found a magical portal.
 40081 | WizLab   | Entered The Roulette of Golubria
 40081 | WizLab   | Found a transporter.
 40084 | WizLab   | Found a corrupted altar of Lugonu.
 40105 | WizLab   | Found a transporter.
 40117 | WizLab   | Found a transporter.
 40151 | WizLab   | Found a corrupted altar of Lugonu.
 40156 | WizLab   | Found a transporter.
 40358 | WizLab   | Found a transporter.
 40368 | WizLab   | Found a transporter.
 40425 | WizLab   | Found a transporter.
 40459 | WizLab   | Found a transporter.
 40499 | WizLab   | Found a transporter.
 40536 | WizLab   | Found a transporter.
 40562 | WizLab   | Found a transporter.
 40605 | WizLab   | Found a transporter.
 40633 | WizLab   | Found a transporter.
 40738 | WizLab   | Found a transporter.
 40738 | WizLab   | Found a transporter.
 41006 | WizLab   | Found a transporter.
 41006 | WizLab   | Found a transporter.
 41207 | WizLab   | Found a transporter.
 41300 | WizLab   | Found a transporter.
 41480 | WizLab   | Got Ricy's Compendium of the Compass
 41483 | WizLab   | Learned a level 1 spell: Apportation
 41580 | WizLab   | Found a transporter.
 41834 | WizLab   | - that looks like everything
 41913 | Elf:1    | Paralysed by an air elemental for 1 turns
 42772 | Elf:1    | Reached skill level 19 in Ice Magic
 43277 | Elf:2    | Found an ancient bone altar of Kikubaaqudgha.
 43301 | Elf:2    | Paralysed by an air elemental for 1 turns
 43342 | Elf:2    | Reached XP level 20. HP: 122/122 MP: 14/33
 43487 | Elf:2    | Found a runed translucent gate.
 43487 | Elf:2    | Found a runed translucent gate.
 43503 | Elf:2    | Found a runed translucent gate.
 43836 | Elf:2    | Reached skill level 20 in Ice Magic
 43838 | Elf:2    | Reached skill level 1 in Translocations
 44019 | Elf:3    | Entered Level 3 of the Elven Halls
 44255 | Elf:3    | Found Anadich's Antique Armour Emporium.
 44264 | Elf:3    | Found Vaygin's Book Shoppe.
 45626 | Elf:3    | Reached skill level 5 in Translocations
 45991 | Elf:3    | Identified the +7 triple sword "Foutych" {venom, Int+2}
 46205 | Elf:3    | Identified the +10 hand axe "Ravvixze" {elec, rPois}
 46214 | Elf:3    | Identified the +1 quarterstaff of Jurau {flame, rF+}
 46484 | Elf:3    | Identified the +7 rapier of the Turnip {vorpal, Str+3}
 46987 | Vaults:1 | Entered Level 1 of the Vaults
 46991 | Vaults:1 | Noticed Saint Roka
 47007 | Vaults:1 | Killed Saint Roka
 47204 | Vaults:1 | Reached skill level 10 in Conjurations
 47271 | Vaults:1 | Reached skill level 10 in Spellcasting
 47607 | Vaults:1 | Reached XP level 21. HP: 115/126 MP: 30/35
 47610 | Vaults:1 | Reached skill level 10 in Stealth
 48656 | Vaults:1 | Reached skill level 1 in Short Blades
 49027 | Vaults:2 | Got the Incunabulum of the Sturgeon
 49102 | Vaults:2 | Reached skill level 1 in Throwing
 49184 | Vaults:2 | Reached skill level 10 in Air Magic
 49404 | Vaults:2 | Reached skill level 10 in Invocations
 49921 | Vaults:2 | Found Ossoaq's Jewellery Shoppe.
 49982 | Vaults:2 | Reached skill level 5 in Short Blades
 50128 | Vaults:2 | Reached skill level 5 in Throwing
 50257 | Vaults:2 | Reached XP level 22. HP: 98/132 MP: 30/36
 50673 | Vaults:2 | Learned a level 3 spell: Swiftness
 50918 | Vaults:3 | Found Wirarig's Antique Weapon Boutique.
 51005 | Vaults:3 | Found Umamici's General Store.
 51013 | Vaults:3 | Bought a scroll of fog for 26 gold pieces
 51381 | Vaults:3 | Found Meza's Antique Armour Shop.
 51542 | Vaults:3 | Reached skill level 21 in Ice Magic
 51705 | Vaults:3 | Found Xeuhigh's Magic Scroll Boutique.
 52092 | Vaults:3 | Found a staircase to the Crypt.
 53853 | Vaults:4 | Reached XP level 23. HP: 103/136 MP: 12/37
 53883 | Vaults:4 | Reached skill level 22 in Ice Magic
 54631 | Vaults:4 | Noticed Boris
 54632 | Vaults:4 | Noticed a golden dragon
 54659 | Vaults:4 | Killed a golden dragon
 54672 | Vaults:4 | Killed Boris
 54909 | Vaults:3 | Bought a jewelled buckler for 247 gold pieces
 54909 | Vaults:3 | Identified the +0 buckler "Jacedi" {rN+ Will+ Dex-4} (You
                  | bought it in a shop on level 3 of the Vaults)
 55111 | D:11     | Bought Ozocubu's Autobiography for 312 gold pieces
 55119 | D:11     | Learned a level 7 spell: Ozocubu's Refrigeration
 55121 | D:11     | - time to armour up i guess
 55623 | Snake:1  | Bought a shimmering scale mail for 342 gold pieces
 55623 | Snake:1  | Identified the +4 scale mail of the Four Continents {Str+4
                  | Int+3} (You bought it in a shop on level 1 of the Snake
                  | Pit)
 57078 | D:13     | Acquired the +2 helmet "Ojemeh" {rF+ rCorr}
 57502 | Slime:1  | Entered Level 1 of the Pits of Slime
 58241 | Slime:3  | Reached skill level 1 in Staves
 59756 | Slime:5  | Entered Level 5 of the Pits of Slime
 59834 | Slime:5  | Reached skill level 5 in Staves
 59848 | Slime:5  | Found a viscous altar of Jiyva.
 59849 | Slime:5  | Noticed the Royal Jelly
 59862 | Slime:5  | Killed the Royal Jelly
 59863 | Slime:5  | Reached XP level 24. HP: 123/141 MP: 18/39
 59865 | Slime:5  | Reached skill level 10 in Evocations
 59915 | Slime:5  | - very satisfying takedown
 60003 | Slime:5  | Identified the +9 bardiche of Temperance {antimagic,
                  | Will++}
 60016 | Slime:5  | Identified the +0 buckler "Dipuqiw" {-Tele rPois rCorr
                  | Str+2}
 60042 | Slime:5  | Identified the +1 plate armour of the Vacuum {Int+7}
 60049 | Slime:5  | Identified the +5 hand axe of Okawaru's Castigation
                  | {antimagic, rPois rF+ Int+3}
 60091 | Slime:5  | Found the ring of the Hare {EV+8}
 60104 | Slime:5  | Identified the +1 ring mail of Juxobb {rF+ rCorr Int+2}
 60105 | Slime:5  | Identified the +1 crystal plate armour of Grace {Contam
                  | +Blink Int+2 SInv}
 60139 | Slime:5  | Identified the +3 pair of boots "Toiqe" {Int+6}
 60140 | Slime:5  | - this will do nicely
 60165 | Slime:5  | Got a slimy rune of Zot
 61391 | Slime:5  | - man what a bardiche
 61391 | Slime:5  | - not this game tho
 61890 | Vaults:5 | Entered Level 5 of the Vaults
 61895 | Vaults:5 | Noticed an ancient lich
 61896 | Vaults:5 | Reached skill level 10 in Staves
 61932 | Vaults:5 | - forgot my blade!
 61993 | Vaults:5 | Identified the +10 scimitar "Hauz" {antimagic, *Slow Fly
                  | rN++}
 62849 | Vaults:5 | Noticed an ancient lich
 62858 | Vaults:5 | Reached XP level 25. HP: 88/146 MP: 24/39
 62863 | Vaults:5 | Noticed Mara
 62865 | Vaults:5 | Killed from afar by an ancient lich

Illustrated notes #...# ##.... #..... ###... ##### ###. #####...#### #.. ######.......#..###.. #................##.. #.#...#.#...........# ##..#.#..#..##......## #....@...#..##..#...# #...#.#......#.##...## #..#...#.............. #.............####.#.. #.####....##..## #.### #.# ##...##...###..## #.#####.......###..... #............##.#.##.. #######............... #.......###..##.. #....##...#..#... Turn 7021 on D:4: - totally missed it #### ...# ##.# ##.# ...# ##.# ##.# ######### ##.# #....R..# ##^# #.#####@# ##.## #.# #......... #...######.# #..####### #.....)....# ...# #...######## .###. ##.####### ## . .........# . ...###.### .. #### Turn 8314 on D:8: - forgot about that 10%hp thing .#####'###### ######'##### ##.....# #..# #.##### ##.# ##.####### #.# #......... #.# #.......... #.# #........... ######.### #..>.[....... #........# .....(.... .. #........# .......... #.####........# .......... #.>@R.........# ##.####### ######........# #....###### ###.###### ####......# #..## #########'### ##..# #...........# ##.# #...........# ######.### #...........#####........# ##...........#.).)........# .#...........#.###........# .+...........#.# #........# Turn 9435 on D:9: - haven't done hexer much .....# .###.# .# #.# .# .###.###.# .# .........# #####.# ###..##### #.....# ##...#########.#)..#### .......)......))......+ ##...#########.....#### ##..# #.....# ##.# ##..@..## ###.# #...R...#### #...# #..........# #.### #.....####.# ##.# #...### # ##.# #.#.. ##.# #...# .†.# ##... #### #.# # # Turn 11854 on D:12: - this is annoyingly early ##### #...# #.∩.# #...# #########...######### #...#...........#...# #.∩.'R@...⌠...∩.'.∩.# #...#...........#...# #########...######### #...# #.∩.# #...# ##### Turn 11893 on Bazaar: - cant afford the nice one of course ##### #...# #.∩.# #...# #########...######### #...#...........#...# #.∩.'.∩...⌠...∩.'.∩.# #...#...........#...# #########...######### #.R.# #.@.# #...# ##### Turn 11914 on Bazaar: - always check inventory #..................# #...).............## ##................## #.................## #............))...#. #............).)..# #.................# #.................# ##................# #..R................ #.)@................ #.................#. #..)......... #............ #............ ##........... ....(....... ##...(....... ....(....... #........... Turn 22743 on Orc:2: - jeez aramma leave me some .# .### ####... .....## ......#+# ##........ #......... #.<....... #@N§.○.... #§#....#+# #§#.#..... #§#.#..... #†#.# .... #§§.. #+# #☼#.# #.# Turn 28337 on Snake:4: - wait a minute ##.........).............##### #......###.!.......##.....# #..############...###.....# ...###.........!.## ##....# ##.......#....##.# #.....## #####...#....##.####)#....# #...##...#..#....##...# ##########.##...###...# #.......# ##### #.#...### #.#@..# #.#.### #.#.# #...# #.### ### Turn 28344 on Snake:3: - freezin myself ©...###...###.#.©#.§.#...#©.#.#.# ......###..#R####§..§....[####.## .......##.###R#..........§§§#.#.# ..##....##.#.##..[..#.#(..§§##.≈. .#......#.#.#.##...##*##[.§##.... .......###.8##∩##....8>.5.##©#≈8. .v....###.#...##§§.##│##...##.#.≈ ©...####.##..##§§§.=#│#.....##.## #####.##.#....#^§....4w.....#.### ##..#...#.#..####3.4...§..####... ##..#...#..≈.#.@#...#.§.#©.#.#.# ##...≈#..#≈.##.#..###.§#.##.### #≈..####.#.#.######∩#######.... ######..#..8#..#.#.#.#.#...8#.# ##≈#.#.#.##.≈.≈#..#.##...#. #.......##..#..8.######.#≈≈ # ######...#..#.≈.#≈.#.#.#.## .#######..#..##....#.#....#...#.# .#..#.....###.#..######.......#.# #####....## ##..###..####≈#≈#.#.# #.....=..####≈#≈##....##..###..≈. Turn 41834 on WizLab: - that looks like everything ##..##..# #.<.....##..#...#..# ##..##..# #.......##..#...#..# ##..##..# #...........#...#..# ##......# #..##.......#...#..# ........# #..##..###..#...#..# .#......# #..##..# #..#...#..# .#......# #..##..# #..#...#..# .#......# #..##..# #..#...#..# .#......# #..##..# #..#...#..# .#......# #..##R.# #..#...#..# .#......# #..##@.# #..#...#..# .#......# #..##..# #..#...#..# .#......# #..##..# #..#...#..# .#......# #).##..# #..#...#..# .#......# #..##<.# #..#...#..# .#......####......###..#......# ..............................# ############################### Turn 55121 on D:11: - time to armour up i guess ................... ................... ................... ................... ................... ................ ................ ................ ................ .....##R#..##... ..### #@#### ... .# #..# ##.# #..# #)=)=?....(}φ[$ #$?)$......[))! ##[!.[....|#?$# ##.........### #...........G# ...#........#.. #######..###### Turn 59915 on Slime:5: - very satisfying takedown ................... ................ ................ ................ ................ .....##.#..##... ..#####.#####... .###.##..##$## ##..|##.#$(?## ##.[.##..##(|(## #).)......(}φ@.# #.?).......[)R.# ##[..[....|.?.## .## ##..........## ##.. ....#.!..........#..... #................# ####..........#### ##.!.[....|..)## #[!}[.........}# #.).).....)[!=.# ##.[(##..##[[.## Turn 60140 on Slime:5: - this will do nicely

..............................
.............................##
..............................###
................................#
................................#
.................................
...............................<.
..........##.#..##...............
.......#####.#####...............
......###.##..##.###.............
......##..|##.#.@.##.............
..^.###...##..##R|(###...........
....##).)......(}.[.###..........
....##.?).......[)).##...........
...# ##[..[....|.?.####..........
...#####..........#####..........
......#.!..........#.............
....#................#...........
...#####..........#####..........
....###...[....|..)## #..........
....##[!}[.........}###..........


Turn 61391 on Slime:5: - man what a bardiche *********************************
,,,,,,,,,,,,,,,,,,,,,,,,,,,,,,,,, ,,,,,,,,,,,,,,,,,,,,,,,,,,,,,,,,,
****#**###*###*####*,,,,,,,,,**** ,,**[(**((##))##@?#*,,,,,,,,,,,,,
**,,*#.,*#..*#pC##..#**,,,,*,,,,, **,,**..*#..##..#*,.#**,,,,*,,,,,
,,**,,*#.,*#§R##..#*..*,,,,*,,,,, ,,**,,*#..##DD#*..#*,.#,,,,**,,,*
**,,**,,*#.§##..##..**#,,,,*,,,,, **,,**,,*#§e#*..#*..#**,,,,*,,,,,
,,**,,**.3##.,##..*#..*,,,,*,,,,, ,,**,,*#..**..**..#*C.*,,,,*,,,,,
**,,**.[#*,,##.,*#..***,,,,*,,,,, **,,*#.(**,,**.p**..***,,,,**,,,* Turn 61932
on Vaults:5: - forgot my blade!

Levels and vault maps discovered:
D:1:      saegor_arrival_miasma, layout_basic, serial_corexii_hall,
          chequers_hall_statues_wall_a, corexii_hall_statues_t
D:2:      layout_loops_ring, shapermc_ecumenical_altar_gd
D:3:      layout_basic
D:4:      layout_cave_pools, general_overflow_altar,
          minmay_temple_entry_crystal_x, minmay_bent
D:5:      layout_basic, nrook_campfire, hex_intersection
D:6:      layout_rooms, serial_shops, nicolae_diamond_shop,
          minmay_misc_feat_more_columns, uniq_maggie, uniq_duvessa,
          uniq_eustachio
D:7:      layout_gridville, wad_rectangle_vault, uniq_harold
D:8:      layout_loops_ring, grunt_temple_overflow_forces_of_nature,
          mainiacjoe_overflow_alcove_3, minmay_tree_intersection
D:9:      layout_roguey, chequers_serial_rivers_room_a
D:10:     layout_stronghold
D:11:     layout_long_grid, serial_shops, shop,
          amcnicky_mini_rare_corridor_liquid
D:12:     layout_loops_corners, erik_orc_2, serial_shops, bzr_entry_customers,
          nicolae_gozag_cash_rules_everything_around_me, uniq_jorgrun
D:13:     layout_basic, ximxim_vaults_locker_room
D:14:     layout_basic, minmay_misc_feat_secret_circle,
          nrook_guardian_serpent_double
D:15:     grunt_enter_depths_hoard, layout_rooms, cheibriados_altar_1
Temple:   eino_wide_crystal_templ
Lair:1:   layout_roguey
Lair:2:   gammafunk_indiana_jones, layout_hall_layers,
          chequers_serial_rivers_micro_b, uniq_fannar, uniq_urug, uniq_erica
Lair:3:   layout_loops_ring, elwin_shoals_entry_rooms,
          guppyfry_snake_entry_garden, serial_bayou_pond_c
Lair:4:   layout_layer_cave, serial_bayou_shore_b, grunt_megastairs_4
Lair:5:   layout_big_grid, slime_altar_2, lemuel_fruit_tree, grunt_megastairs_1,
          lemuel_fruit_fields
Lair:6:   evilmike_catoblepas_cave, layout_cave_pods,
          kennysheep_basilisk_garden, infiniplex_staircase_pool_2
Shoals:1: layout_shoals, nicolae_shoals_drake_roost
Shoals:2: layout_shoals, serial_shops, nicolae_lakefront_shop, uniq_kirke,
          uniq_polyphemus, uniq_ilsuiw, uniq_frances
Shoals:3: layout_shoals, nicolae_shoals_lost_giant_temple
Shoals:4: shoals_end_hangedman, layout_shoals, serial_shops, nicolae_shop_stone,
          nicolae_shoals_circle_sea_wall, nicolae_shoals_kraken_intersection
Snake:1:  layout_cave_pods, serial_shops, nicolae_shop_waterfront, shop,
          nicolae_shop_statue_plus, drop_trap, nicolae_snake_gridmaze_swirls,
          minmay_shop_star, serial_bayou_shore_a
Snake:2:  layout_misc_corridors
Snake:3:  layout_misc_corridors, special_room, nicolae_snake_salamander_stairs,
          grunt_megastairs_2
Snake:4:  minmay_snake_end_coiled, layout_basic, serial_shops, shop,
          serial_bayou_shore_b, minmay_shop_grove
Slime:1:  layout_caves
Slime:2:  layout_caves, cheibrodos_slime_lost_civilization_7
Slime:3:  layout_caves
Slime:4:  layout_caves, nicolae_slime_welcoming_committee
Slime:5
Orc:1:    layout_caves
Orc:2:    st_orc_ogre_mass, layout_caves, uniq_josephine
Elf:1:    eino_elf_arrival_customs, layout_rooms, serial_shops,
          bzr_entry_lakeside, mu_enter_wizlab_5,
          hangedman_elven_crosses_minicolossus
Elf:2:    nicolae_elf_blades_splatter_lattice [nicolae_blade_entry_pointy_end],
          layout_geoelf_diagonals, grunt_ministairs_5, lemuel_statue_altar
Elf:3:    minmay_elf_hall_curves, layout_geoelf_castle, minmay_shoptagon
Vaults:1: v_rooms_5, nicolae_vaults_shelves_hall, ontoclasm_vaults_ring_small,
          vaults_room_fancy_cross, hangedman_vaults_slither, v_misc_12,
          v_misc_10, v_rooms_1, grunt_vaults_funnel, layout_vaults_omnibox,
          uniq_saint_roka
Vaults:2: v_pattern_5, ontoclasm_vaults_ring_square, hangedman_vaults_pinch,
          vaults_room_grunt_arrival_checkpoint, dpeg_vaults_monster_row,
          vaults_room_large_hall, hangedman_vaults_river_flow,
          nicolae_vaults_branching_niches, v_misc_30, ontoclasm_vaults_shuriken,
          layout_vaults_ring, serial_shops, nicolae_shop_crystal
Vaults:3: ontoclasm_vaults_fault, nicolae_vaults_disjoint_gnomons, st_diamondy,
          vaults_room_ringed_pool, vaults_room_grunt_arrival_ludios,
          hangedman_vaults_stitches, minmay_crypt_entry_simple_walls,
          hangedman_vaults_variations, v_alt_pattern_5, vaults_dpeg_cross,
          vaults_room_grid, nicolae_vaults_yaktaur_gun_rack,
          layout_vaults_maze_snakey, serial_shops, nicolae_shop_stone,
          nicolae_shop_waterfront, shop, nicolae_diamond_shop
Vaults:4: nicolae_vaults_ninety_degrees, st_quartered_hall,
          nicolae_vaults_circle_grid_b, v_pattern_4, vaults_dpeg_ring,
          ontoclasm_vaults_ring_small, grunt_vaults_hallway_long, serial_ice_h,
          hangedman_vaults_corner_blocks, nicolae_vaults_theta,
          vaults_dpeg_hooks, layout_vaults_omnicross, uniq_boris
Vaults:5: serial_shops, uniq_sojobo, uniq_mara, uniq_margery

Skill      XL: |  1  2  3  4  5  6  7  8  9 10 11 12 13 14 15 16 17 18 19 20 21 22 23 24 |
---------------+-------------------------------------------------------------------------+-----
Ice Magic      | 5 6 7 8 9 11 12 13 15 17 18 19 20 21 22 | 22.0
Spellcasting   | 3 4 6 7 8 9 10 12 | 12.0
Fighting       | 1 2 3 5 6 9 11 12 13 15 16 18 | 18.0
Armour         | 4 6 7 9 10 12 | 12.6
Dodging        | 3 4 6 7 9 |  9.6
Stealth        | 6 9 12 14 | 14.4
Conjurations   | 4 6 9 10 | 10.0
Invocations    | 4 9 10 | 10.0
Air Magic      | 1 6 10 11 12 | 12.0
Shields        | 3 6 |  6.0
Evocations     | 6 9 10 | 10.0
Translocations | 6 |  6.0
Short Blades   | 5 6 |  6.0
Throwing       | 5 6 |  6.0
Staves         | 5 12 | 12.0

Action                   |  1- 3 |  4- 6 |  7- 9 | 10-12 | 13-15 | 16-18 | 19-21 | 22-24 | 25-27 || total
-------------------------+-------+-------+-------+-------+-------+-------+-------+-------+-------++-------
Melee: Dagger            |     3 |    11 |     1 |     7 |    34 |   178 |   575 |   180 |       ||   989
       Flail             |       |    34 |   177 |   227 |   600 |   227 |   182 |    65 |       ||  1512
       Staff             |       |       |       |       |       |       |       |   179 |     1 ||   180
       Rapier            |       |       |       |       |       |       |       |     3 |       ||     3
Throw: Dart              |     7 |    24 |    23 |    13 |    71 |     7 |    10 |     2 |       ||   157
       Stone             |       |     7 |    15 |       |       |       |       |       |       ||    22
       Boomerang         |       |       |       |    19 |    11 |    48 |     5 |   134 |       ||   217
 Cast: Freeze            |    60 |    61 |    76 |    64 |   168 |   328 |   100 |    12 |       ||   869
       Ozocubu's Armour  |       |       |    32 |    42 |    82 |   108 |    73 |    39 |     1 ||   377
       Frozen Ramparts   |       |       |    22 |    30 |    65 |    49 |    56 |    19 |       ||   241
       Hailstorm         |       |       |       |    13 |    39 |    97 |   139 |   104 |       ||   392
       Freezing Cloud    |       |       |       |       |       |    69 |    75 |    28 |       ||   172
       Apportation       |       |       |       |       |       |       |     8 |       |       ||     8
       Blink             |       |       |       |       |       |       |     6 |     5 |       ||    11
       Ozocubu's Refrige |       |       |       |       |       |       |       |    53 |     1 ||    54
       Polar Vortex      |       |       |       |       |       |       |       |     2 |       ||     2
Invok: Ancestor Life: He |       |       |       |     1 |       |       |       |       |       ||     1
       Idealise          |       |       |       |       |     4 |    11 |     3 |     5 |       ||    23
       Recall Ancestor   |       |       |       |       |       |     2 |     4 |     2 |       ||     8
Evoke: Wand              |       |       |     9 |     8 |    19 |    69 |    21 |    20 |     2 ||   148
       Tin of tremorston |       |       |       |       |       |     1 |     2 |     5 |       ||     8
       Phantom mirror    |       |       |       |       |       |       |       |     1 |       ||     1
  Use: Scroll            |       |       |     7 |     3 |     7 |     9 |     8 |     5 |     1 ||    40
       Potion            |       |       |       |     1 |     1 |     2 |     4 |     8 |     2 ||    18
 Stab: Sleeping          |       |     3 |     1 |     7 |     8 |    16 |    28 |    17 |       ||    80
       Confused          |       |       |       |     5 |     9 |     3 |    27 |    22 |       ||    66
       Distracted        |       |       |       |     2 |     6 |     6 |     6 |     8 |       ||    28
       Paralysed         |       |       |       |       |    43 |    70 |    70 |    25 |       ||   208
Armor: Robe              |    14 |    11 |       |       |       |       |       |       |       ||    25
       Leather armour    |       |    40 |    66 |       |       |       |       |       |       ||   106
       Ring mail         |       |       |    19 |       |       |       |       |       |       ||    19
       Steam dragon scal |       |       |    69 |   207 |   564 |   435 |   548 |   183 |       ||  2006
       Scale mail        |       |       |       |       |       |       |       |   143 |    10 ||   153
Dodge: Dodged            |    25 |    50 |   203 |   330 |   960 |   671 |   616 |   265 |     4 ||  3124
Block: Buckler           |       |       |       |       |     8 |   273 |   287 |   124 |     1 ||   693
       Reflection        |       |       |       |       |       |    31 |    15 |     8 |       ||    54
